 Dungeon Sprint DCSS version 0.27-a0-249-g74f53ef629 (webtiles) character file.

Game seed: 781873250572862509

99187 mhtbhm the Conqueror (level 15, -1/174 HPs)
             Began as a Minotaur Fighter on Feb 4, 2021.
             Was the Champion of Trog.
             Splashed by an acid blob's acid (10 damage)
             ... in the Dungeon (Sprint VII: "The Pits").
             The game lasted 00:18:42 (5567 turns).

mhtbhm the Conqueror (Minotaur Fighter)             Turns: 5567, Time: 00:18:43

Health: -1/174     AC: 14    Str: 30    XL:     15   Next: 77%
Magic:  14/14      EV: 12    Int:  5    God:    Trog [******]
Gold:   63         SH: 21    Dex: 11    Spells: 14/14 levels left

rFire    + + +     SeeInvis .   a - +11 war axe of Eseptaf {vorpal, Str+4}
rCold    + + +     Faith    .   c - +2 shield of Resistance {rF++ rC++ Will++}
rNeg     + . .     Spirit   .   b - +2 gold dragon scales
rPois    +         Reflect  .   (helmet restricted)
rElec    +         Harm     .   z - +1 cloak {Will+}
rCorr    .         Rampage  .   (no gloves)
Will     ++++.     NoTele   +   o - +1 pair of boots
Stlth    ..........             (no amulet)
HPRegen  0.39/turn              G - +4 ring of slaying
MPRegen  0.14/turn              D - ring "Rureb" {rElec rF+ rN+}

@: corroded, berserk cooldown, slowed, very slow
A: retaliatory headbutt, horns 2
a: Renounce Religion, Berserk, Trog's Hand, Brothers in Arms


You were in the Dungeon.
You worshipped Trog.
Trog was exalted by your worship.
You visited 1 branch You collected 63 gold pieces.

Inventory:

Hand Weapons
 a - the +11 war axe of Eseptaf (weapon) {vorpal, Str+4}
   (Trog gifted it to you in the Dungeon)

   It inflicts extra damage upon your enemies.
   It affects your strength (+4).
 m - a +5 executioner's axe of flaming
 y - the +11 morningstar "Undertaker" {speed, rN+}
   (You found it in the Dungeon)

   Attacks with this weapon are significantly faster.
   It protects you from negative energy.
 A - the +12 war axe of Myoluufa {vorpal, rF+ Will- Dex+7}
   (Trog gifted it to you in the Dungeon)

   It inflicts extra damage upon your enemies.
   It affects your dexterity (+7).
   It protects you from fire.
   It affects your willpower, your defense against some magical effects.
 F - the +4 broad axe of Ejieshibb {vorpal, rPois Str+2 Int+2}
   (Trog gifted it to you in the Dungeon)

   It inflicts extra damage upon your enemies.
   It affects your strength (+2).
   It affects your intelligence (+2).
   It protects you from poison.
Armour
 b - +2 gold dragon scales (worn)
 c - the +2 shield of Resistance (worn) {rF++ rC++ Will++}
   (You found it in the Dungeon)

   It greatly protects you from fire.
   It greatly protects you from cold.
   It affects your willpower, your defense against some magical effects.
 o - a +1 pair of boots (worn)
 z - a +1 cloak of willpower (worn)
Jewellery
 p - the ring of Ruats {rF- Str+4 Int+4 Dex+6}
   (You found it in the Dungeon)

   [ring of dexterity]

   It affects your strength (+4).
   It affects your intelligence (+4).
   It affects your dexterity (+6).
   It makes you vulnerable to fire.
 q - an uncursed ring of see invisible
 C - the ring of Eternity {rC+ Str+5 Stlth-}
   (You took it off a spriggan berserker in the Dungeon)

   [ring of attention]

   It affects your strength (+5).
   It protects you from cold.
   It makes you less stealthy.
 D - the ring "Rureb" (right hand) {rElec rF+ rN+}
   (You took it off a deep elf knight in the Dungeon)

   [ring of protection from fire]

   It protects you from fire.
   It insulates you from electricity.
   It protects you from negative energy.
 G - a +4 ring of slaying (left hand)
Wands
 r - a wand of mindburst (10)
Scrolls
 l - 3 scrolls of remove curse
 n - a scroll of summoning
 s - a scroll of immolation
 t - a scroll of identify
 u - 5 scrolls of fog
 v - 4 scrolls of fear
Potions
 e - 8 potions of curing
 f - a potion of heal wounds
 g - 2 potions of haste
 h - 4 potions of magic
 i - 4 potions of berserk rage
 x - a potion of resistance
Miscellaneous
 B - a condenser vane (inert)
 E - a tin of tremorstones (2/2)


   Skills:
 O Level 27 Fighting
 + Level 26.1 Axes
 + Level 20.3 Armour
 + Level 12.7 Dodging
 - Level 2.5 Stealth
 + Level 25.4 Shields
 + Level 7.0 Evocations


You had 14 spell levels left.
You didn't know any spells.
Your spell library was empty.

Dungeon Overview and Level Annotations

Branches:
Dungeon (1/1)

Altars:
Ashenzari
Cheibriados
Dithmenos
Elyvilon
Fedhas
Gozag
Hepliaklqana
Kikubaaqudgha
Makhleb
Nemelex Xobeh
Okawaru
Qazlal
Ru
Sif Muna
Trog
Uskayaw
Vehumet
Wu Jian
Xom
Yredelemnul
Zin
The Shining One
Beogh
Jiyva
Lugonu


Innate Abilities, Weirdness & Mutations

You reflexively headbutt those who attack you in melee.
You have a pair of horns on your head.


Message History

You block the electric golem's attack. The electric golem barely misses you.
The electric golem hits you.
* * * LOW HITPOINT WARNING * * *
The electric golem hits you but does no damage.
Unknown command.
Okay, then.
Okay, then.
You feel much better. The nagaraja spits poison at you.
You block the splash of poison. You block the electric golem's attack.
The electric golem hits you.
* * * LOW HITPOINT WARNING * * *
The electric golem shocks you. You resist.
* * * LOW HITPOINT WARNING * * *
You block the electric golem's attack. x2
The acid blob spits acid at you. The splash of acid hits you.
* * * LOW HITPOINT WARNING * * *
The acid corrodes you!
You are splashed with acid!
You die...

#########
........#
........#
#'# ####
#'# +.@#
#.# ##8.+
#'# +#..#
###)#
#..##.##†#
#.J'# #.#
###N)###'#
#.##).##.#
#)#§.##'#
##.)###.#


You could see an electric golem, an acid blob and a nagaraja (fast, catching
breath).

Vanquished Creatures
  Lom Lobon (D)
  2 ancient liches (D)
  A royal mummy (D)
  A pandemonium lord (D)
  Nikola (D)
  A pearl dragon (D)
  3 electric golems (D)
  A quicksilver dragon (D)
  A deep elf blademaster (D)
  A lich (D)
  A deep elf master archer (D)
  2 sphinxes (D)
  A titan (D)
  An Executioner (D)
  A shadow dragon (D)
  An azure jelly (D)
  A nagaraja (D)
  A daeva (D)
  An orc warlord (D)
  A balrug (D)
  An emperor scorpion (D)
  A draconian annihilator (D)
  A deep elf annihilator (D)
  A white draconian (D)
  A yellow draconian (D)
  2 blizzard demons (D)
  2 vault guards (D)
  A naga warrior (D)
  A yaktaur captain (D)
  An alligator snapping turtle (D)
  9 death yaks (D)
  A spriggan berserker (D)
  A soul eater (D)
  2 deep elf knights (D)
  A spriggan druid (D)
  2 lindwurms (D)
  A bog body (D)
  A phantasmal warrior (D)
  7 orc knights (D)
  A deep elf pyromancer (D)
  2 ugly things (D)
  A cyclops (D)
  2 wolf spiders (D)
  A merfolk siren (D)
  2 manticores (D)
  2 orange demons (D)
  An elephant (D)
  2 smoke demons (D)
  A black mamba (D)
  A gargoyle (D)
  An eye of devastation (D)
  6 yaktaurs (D)
  3 efreet (D)
  A hellwing (D)
  2 ice devils (D)
  A freezing wraith (D)
  2 polar bears (D)
  2 wind drakes (D)
  6 dream sheep (D)
  4 slime creatures (D)
  5 blink frogs (D)
  A large abomination (D)
  A snapping turtle (D)
  A redback (D)
  A ynoxinul (D)
  2 fire bats (D)
  3 tarantellas (D)
  A basilisk (D)
  A small abomination (D)
  A steam dragon (D)
  Menkaure (D)
  A floating eye (D)
  2 swamp drakes (D)
  6 wolves (D)
  A centaur (D)
  A big kobold (D)
  A phantom (D)
  Blork the orc (D)
  An earth elemental (D)
  3 killer bees (D)
  5 wights (D)
  A quasit (D)
  A hound (D)
  A hell rat (D)
  2 worker ants (D)
  2 river rats (D)
  A white imp (D)
  4 ufetubi (D)
  2 orcs (D)
  A bat skeleton (D)
  A giant cockroach (D)
  2 goblins (D)
  A hobgoblin (D)
  A quokka (D)
  2 ball pythons (D)
  A bat simulacrum (D)
  A frilled lizard (D)
  A jackal zombie (D)
  2 kobolds (D)
  A leopard gecko skeleton (D)
  4 ball lightnings (D)
177 creatures vanquished.

Vanquished Creatures (collateral kills)
  A deep elf blademaster (D)
  An orc warlord (D)
  A naga warrior (D)
  3 orc knights (D)
  An ugly thing (D)
7 creatures vanquished.

Vanquished Creatures (others)
  A yaktaur captain (D)
  A shadow wraith (D)
  A jackal skeleton (D)
  14 ball lightnings (D)
17 creatures vanquished.

Grand Total: 201 creatures vanquished

Notes
Turn   | Place    | Note
-------+----------+-------------------------------------------
     0 | D        | mhtbhm the Minotaur Fighter began the quest for the Orb.
     0 | D        | Reached XP level 1. HP: 19/19 MP: 0/0
    15 | D        | Reached skill level 4 in Fighting
    15 | D        | Reached XP level 2. HP: 20/28 MP: 1/1
   126 | D        | Found a bloodstained altar of Trog.
   126 | D        | Found a shimmering blue altar of Sif Muna.
   126 | D        | Found a viscous altar of Jiyva.
   126 | D        | Found a hazy altar of Hepliaklqana.
   126 | D        | Found an opulent altar of Gozag.
   127 | D        | Found a glowing golden altar of the Shining One.
   127 | D        | Found a glowing silver altar of Zin.
   127 | D        | Found a basalt altar of Yredelemnul.
   127 | D        | Found a shimmering altar of Xom.
   127 | D        | Found an ornate altar of the Wu Jian Council.
   127 | D        | Found a sacrificial altar of Ru.
   127 | D        | Found a stormy altar of Qazlal.
   127 | D        | Found an iron altar of Okawaru.
   127 | D        | Found a sparkling altar of Nemelex Xobeh.
   127 | D        | Found a burning altar of Makhleb.
   127 | D        | Found a blossoming altar of Fedhas.
   127 | D        | Found a white marble altar of Elyvilon.
   127 | D        | Found a shadowy altar of Dithmenos.
   127 | D        | Found a snail-covered altar of Cheibriados.
   129 | D        | Found a radiant altar of Vehumet.
   129 | D        | Found a corrupted altar of Lugonu.
   129 | D        | Found a roughly hewn altar of Beogh.
   131 | D        | Became a worshipper of Trog the Wrathful
   148 | D        | Reached * piety under Trog
   160 | D        | Reached skill level 5 in Shields
   165 | D        | Reached ** piety under Trog
   166 | D        | Reached skill level 5 in Fighting
   166 | D        | Reached skill level 5 in Armour
   166 | D        | Reached XP level 3. HP: 21/36 MP: 2/2
   426 | D        | Reached skill level 1 in Dodging
   484 | D        | Noticed Menkaure
   484 | D        | Noticed a fire bat
   490 | D        | Reached *** piety under Trog
   491 | D        | Reached skill level 6 in Fighting
   491 | D        | Reached XP level 4. HP: 44/44 MP: 3/3
   492 | D        | Reached skill level 5 in Axes
   493 | D        | Killed Menkaure
   494 | D        | Reached skill level 7 in Fighting
   494 | D        | Reached XP level 5. HP: 33/53 MP: 4/4
   495 | D        | Reached **** piety under Trog
   496 | D        | Reached skill level 8 in Fighting
   496 | D        | Reached XP level 6. HP: 39/61 MP: 5/5
   498 | D        | Killed a fire bat
   503 | D        | Reached ***** piety under Trog
   509 | D        | Reached skill level 9 in Fighting
   650 | D        | Noticed an efreet
   654 | D        | Killed an efreet
   655 | D        | Reached skill level 10 in Armour
   655 | D        | Reached skill level 10 in Shields
   655 | D        | Reached XP level 7. HP: 71/71 MP: 6/6
   717 | D        | Noticed an orange demon
   717 | D        | Noticed a deep elf pyromancer
   718 | D        | Paralysed by a floating eye for 4 turns
   723 | D        | Reached ****** piety under Trog
   730 | D        | Killed a deep elf pyromancer
   730 | D        | Killed an orange demon
   731 | D        | Reached skill level 10 in Fighting
   731 | D        | Reached XP level 8. HP: 55/81 MP: 7/7
   972 | D        | Found a hide-covered altar of Uskayaw.
   972 | D        | Found an ancient bone altar of Kikubaaqudgha.
   972 | D        | Found a broken altar of Ashenzari.
   999 | D        | Noticed a smoke demon
   999 | D        | Noticed a polar bear
  1007 | D        | Killed a smoke demon
  1008 | D        | Reached skill level 11 in Fighting
  1009 | D        | Killed a polar bear
  1010 | D        | Reached XP level 9. HP: 89/89 MP: 8/8
  1138 | D        | Noticed a manticore
  1146 | D        | Killed a manticore
  1146 | D        | Received a gift from Trog
  1253 | D        | Noticed a cyclops
  1254 | D        | Reached skill level 12 in Fighting
  1254 | D        | Reached skill level 1 in Stealth
  1255 | D        | Noticed a freezing wraith
  1261 | D        | Noticed a smoke demon
  1266 | D        | Killed a freezing wraith
  1267 | D        | Received a gift from Trog
  1270 | D        | Reached XP level 10. HP: 90/100 MP: 9/9
  1274 | D        | Reached skill level 15 in Axes
  1278 | D        | Killed a cyclops
  1279 | D        | Reached skill level 13 in Fighting
  1280 | D        | Received a gift from Trog
  1282 | D        | Killed a smoke demon
  1289 | D        | Got a smouldering war axe {god gift}
  1290 | D        | Identified the +12 war axe of Myoluufa {vorpal, rF+ Will-
                  | Dex+7} (Trog gifted it to you in the Dungeon)
  1526 | D        | Killed a shadow wraith
  1527 | D        | Reached skill level 15 in Shields
  1529 | D        | Received a gift from Trog
  1821 | D        | Noticed a death yak
  1821 | D        | Noticed a death yak
  1821 | D        | Noticed a death yak
  1821 | D        | Noticed a bog body
  1821 | D        | Noticed a death yak
  1827 | D        | Killed a death yak
  1827 | D        | Killed a death yak
  1827 | D        | Received a gift from Trog
  1828 | D        | Reached skill level 14 in Fighting
  1828 | D        | Reached XP level 11. HP: 110/110 MP: 10/10
  1832 | D        | Killed a bog body
  1832 | D        | Killed a death yak
  1834 | D        | Killed a death yak
  1941 | D        | Noticed a lindwurm
  1941 | D        | Noticed Blork the orc
  1941 | D        | Noticed a lindwurm
  1947 | D        | Received a gift from Trog
  1949 | D        | Killed a lindwurm
  1950 | D        | Reached skill level 15 in Fighting
  1952 | D        | Killed a lindwurm
  1952 | D        | Received a gift from Trog
  1954 | D        | Killed Blork the orc
  1960 | D        | Received a gift from Trog
  2250 | D        | Noticed a nagaraja
  2260 | D        | Killed a nagaraja
  2261 | D        | Reached skill level 16 in Fighting
  2383 | D        | Received a gift from Trog
  2518 | D        | Noticed a green ugly thing
  2529 | D        | Killed a green ugly thing
  2542 | D        | Noticed a spriggan druid
  2555 | D        | Killed a spriggan druid
  2555 | D        | Received a gift from Trog
  2556 | D        | Reached XP level 12. HP: 97/124 MP: 11/11
  2638 | D        | Noticed an ancient lich
  2649 | D        | Killed an ancient lich
  2650 | D        | Reached skill level 18 in Fighting
  2650 | D        | Reached skill level 15 in Armour
  2788 | D        | Noticed a pearl dragon
  2794 | D        | Killed a pearl dragon
  2795 | D        | Reached skill level 19 in Fighting
  3047 | D        | Noticed an electric golem
  3055 | D        | Killed an electric golem
  3325 | D        | Noticed a balrug
  3326 | D        | Found the +2 shield of Resistance {rF++ rC++ Will++}
  3338 | D        | Received a gift from Trog
  3341 | D        | Killed a balrug
  3342 | D        | Reached skill level 20 in Fighting
  3342 | D        | Reached XP level 13. HP: 139/139 MP: 12/12
  3352 | D        | Got the ring of Ruats {rF- Str+4 Int+4 Dex+6}
  3369 | D        | Got the +11 morningstar "Undertaker" {speed, rN+}
  3386 | D        | Got a crude war axe {god gift}
  3387 | D        | Identified the +11 war axe of Eseptaf {vorpal, Str+4} (Trog
                  | gifted it to you in the Dungeon)
  3453 | D        | Received a gift from Trog
  3469 | D        | Noticed a white draconian
  3472 | D        | Received a gift from Trog
  3486 | D        | Killed a white draconian
  3489 | D        | Reached skill level 21 in Fighting
  3489 | D        | Noticed an emperor scorpion
  3490 | D        | Noticed a sphinx
  3502 | D        | Killed an emperor scorpion
  3502 | D        | Received a gift from Trog
  3506 | D        | Killed a sphinx
  3507 | D        | Reached skill level 10 in Dodging
  3512 | D        | Identified the ring of Eternity {rC+ Str+5 Stlth-}
  3527 | D        | Received a gift from Trog
  3532 | D        | Reached skill level 1 in Evocations
  3536 | D        | Reached skill level 22 in Fighting
  3594 | D        | Identified the +8 quarterstaff of Azxaanil {holy, +Rage
                  | MP+9 Int-3}
  3594 | D        | Identified the ring "Rureb" {rElec rF+ rN+}
  3632 | D        | Got a crystal broad axe {god gift}
  3641 | D        | Identified the +4 broad axe of Ejieshibb {vorpal, rPois
                  | Str+2 Int+2} (Trog gifted it to you in the Dungeon)
  3891 | D        | Noticed an orc warlord
  3892 | D        | Noticed an orc warlord
  3896 | D        | Received a gift from Trog
  3904 | D        | Killed an orc warlord
  3912 | D        | Killed an orc warlord
  3912 | D        | Received a gift from Trog
  3916 | D        | Noticed a deep elf blademaster
  3916 | D        | Noticed a quicksilver dragon
  3920 | D        | Reached XP level 14. HP: 93/155 MP: 13/13
  3920 | D        | Received a gift from Trog
  3924 | D        | Killed a deep elf blademaster
  3925 | D        | Reached skill level 23 in Fighting
  3929 | D        | Killed a quicksilver dragon
  3937 | D        | Received a gift from Trog
  3963 | D        | Received a gift from Trog
  4163 | D        | Found the +4 dagger "Morg" {pain, Will+ Int+5}
  4164 | D        | Found the +7 great mace "Firestarter" {inner flame, rF++}
  4257 | D        | Noticed an Executioner
  4262 | D        | Killed an Executioner
  4294 | D        | Noticed a daeva
  4294 | D        | Noticed an electric golem
  4294 | D        | Noticed a sphinx
  4294 | D        | Noticed Lom Lobon
  4294 | D        | Noticed a deep elf blademaster
  4294 | D        | Noticed an azure jelly
  4299 | D        | Killed an azure jelly
  4300 | D        | Reached skill level 24 in Fighting
  4301 | D        | Killed a sphinx
  4301 | D        | Received a gift from Trog
  4302 | D        | Killed a deep elf blademaster
  4303 | D        | Killed an electric golem
  4330 | D        | Killed a daeva
  4341 | D        | Killed Lom Lobon
  4342 | D        | Reached skill level 25 in Fighting
  4611 | D        | Noticed Eguimod the pandemonium lord
  4629 | D        | Killed Eguimod the pandemonium lord
  4630 | D        | Reached XP level 15. HP: 171/171 MP: 1/14
  4749 | D        | Received a gift from Trog
  4750 | D        | Reached skill level 5 in Evocations
  4793 | D        | Noticed a royal mummy
  4802 | D        | Killed a royal mummy
  4803 | D        | Reached skill level 26 in Fighting
  4865 | D        | Noticed a lich
  4869 | D        | Killed a lich
  4872 | D        | Noticed a titan
  4878 | D        | Killed a titan
  4941 | D        | Received a gift from Trog
  4951 | D        | Got an ichor-stained war axe {god gift}
  4952 | D        | Identified the +6 war axe of Vuuthr Koupu {vorpal, rElec
                  | rC+} (Trog gifted it to you in the Dungeon)
  5066 | D        | Noticed a shadow dragon
  5071 | D        | Killed a shadow dragon
  5343 | D        | Noticed a deep elf master archer
  5343 | D        | Noticed an ancient lich
  5347 | D        | Killed an ancient lich
  5351 | D        | Killed a deep elf master archer
  5534 | D        | Noticed Nikola
  5542 | D        | Noticed an electric golem
  5543 | D        | Killed Nikola
  5543 | D        | Received a gift from Trog
  5544 | D        | Reached skill level 27 in Fighting
  5549 | D        | Killed an electric golem
  5551 | D        | Noticed a nagaraja
  5551 | D        | Noticed an acid blob
  5551 | D        | Noticed an electric golem
  5562 | D        | HP: 4/174 [acid (7)]
  5567 | D        | Splashed by an acid blob's acid

Illustrated notes

Levels and vault maps discovered:
D:        pitsprint [storerooms_1, entrance_room_1, metal_vault_1, armoury_1,
          mini_pit_1, grid_room_1, main_hall_1, silver_pit, the_coven_1,
          the_vestibule_1, steel_vault_2, golden_pit, hallway_of_sentries,
          crystal_vault_2, iron_vault_5, final_vault]

Skill      XL: |  1  2  3  4  5  6  7  8  9 10 11 12 13 14 15 |
---------------+----------------------------------------------+-----
Fighting       | 4 5 6 7 8 9 10 11 12 14 16 20 22 25 27 | 27.0
Armour         | 4 5 6 8 10 11 13 14 16 17 18 20 | 20.3
Shields        | 4 5 6 8 10 12 14 15 16 18 21 23 25 | 25.4
Axes           | 3 4 6 7 9 11 12 14 17 19 20 22 24 26 | 26.1
Dodging        | 1 2 3 4 6 7 8 9 10 12 | 12.7
Stealth        | 1 2 |  2.5
Evocations     | 1 4 7 |  7.0

Action                   |  1- 3 |  4- 6 |  7- 9 | 10-12 | 13-15 || total
-------------------------+-------+-------+-------+-------+-------++-------
Melee: War axe           |     5 |       |       |    99 |   250 ||   354
       Headbutt          |     5 |     5 |    10 |    30 |    60 ||   110
       Hand axe          |    19 |    25 |    16 |       |       ||    60
       Broad axe         |       |       |    31 |    13 |       ||    44
Invok: Berserk           |     2 |     1 |     4 |     9 |    12 ||    28
       Brothers in Arms  |       |       |       |       |     5 ||     5
       Trog's Hand       |       |       |       |       |     2 ||     2
Evoke: Wand              |       |       |       |       |     2 ||     2
       Condenser vane    |       |       |       |       |     7 ||     7
       Tin of tremorston |       |       |       |       |     2 ||     2
  Use: Potion            |       |     1 |       |       |    15 ||    16
       Scroll            |       |       |       |     1 |     2 ||     3
 Stab: Invisible         |       |       |       |       |    16 ||    16
       Confused          |       |       |       |       |     1 ||     1
Armor: Scale mail        |     9 |       |       |       |       ||     9
       Ring mail         |       |     4 |     5 |       |       ||     9
       Chain mail        |       |       |    22 |    27 |       ||    49
       Pearl dragon scal |       |       |       |     4 |    22 ||    26
       Gold dragon scale |       |       |       |       |    77 ||    77
Dodge: Dodged            |    18 |    12 |    18 |    39 |    65 ||   152
Block: Kite shield       |    24 |    19 |    33 |    67 |   176 ||   319

Table legend: (Time is in decaauts)
 A = Elapsed time spent in this place.
 B = Non-inter-level travel time spent in this place.
 C = Inter-level travel time spent in this place.
 D = Time resting spent in this place.
 E = Time spent auto-exploring this place.
 F = Levels seen in this place.
 G = Mean time per level.
                   A        B        C        D        E       F      G
               +--------+--------+--------+--------+--------+-----+--------+
         Total |   5673 |   5673 |      0 |   3741 |    183 |   1 | 5673.0 |
       Dungeon |   5673 |   5673 |      0 |   3741 |    183 |   1 | 5673.0 |
               +--------+--------+--------+--------+--------+-----+--------+

Top non-repeatable levels by time:
       D: 5673 daAuts
